 Dungeon Crawl Stone Soup version 0.29-a0-283-ga02f740833 (webtiles) character file.

Game seed: 9194863043779654946

45754 frimble the Fighter (level 14, -5/108 HPs)
             Began as a Djinni Cinder Acolyte on Mar 14, 2022.
             Was an Elder of Cheibriados.
             Slain by an eight-headed hydra (8 damage)
             ... on level 4 of the Lair of Beasts.
             The game lasted 00:37:06 (17785 turns).

frimble the Fighter (Djinni Cinder Acolyte)        Turns: 17785, Time: 00:37:06

Health: -5/108     AC: 13    Str: 25    XL:     14   Next: 72%
Gold:   1112       EV: 19    Int: 29    God:    Cheibriados [****..] SH:  6 Dex: 19

rFire   + + +      SeeInvis .   t - +2 dagger (venom)
rCold   . . .      Faith    .   A - +0 buckler
rNeg    . . .      Spirit   .   r - +2 robe {rC+ rF+}
rPois   ∞          Reflect  .   p - +2 hat {Stlth+}
rElec   .          Harm     .   l - +2 cloak
rCorr   .          Rampage  .   (no gloves)
Will    +....                   (boots unavailable)
Stlth   ++++......              o - amulet of regeneration
HPRegen 1.08/turn               i - +4 ring of protection
MPRegen 0.00/turn               u - +4 ring of evasion

@: flying, very slow
A: sickness immunity, fire resistance 2, cold vulnerability 1, float, innate
caster, HP casting, extra vitality 1
a: Renounce Religion, Bend Time, Temporal Distortion, Slouch


You were on level 4 of the Lair of Beasts.
You worshipped Cheibriados.
Cheibriados was greatly pleased with you.
You visited 4 branches of the dungeon, and saw 17 of its levels.
You also visited: Bailey and Volcano.

You collected 1112 gold pieces.

Inventory:

Hand Weapons
 t - a +2 dagger of venom (weapon)
 x - a +3 short sword of freezing
 J - a +3 scimitar
Missiles
 a - 5 throwing nets
Armour
 l - a +2 cloak (worn)
 p - a +2 hat of stealth (worn)
 r - a +2 robe of resistance (worn)
 A - a +0 buckler (worn)
 I - a +1 troll leather armour
Jewellery
 i - a +4 ring of protection (left hand)
 o - an amulet of regeneration (around neck)
 u - a +4 ring of evasion (right hand)
 v - a ring of willpower
 H - a +6 ring of intelligence
Wands
 m - a wand of flame (47)
 q - a wand of iceblast (7)
 y - a wand of acid (3)
 B - a wand of charming (7)
 F - a wand of polymorph (6)
Scrolls
 c - 2 scrolls of teleportation
 e - 3 scrolls of fog
 g - 3 scrolls of magic mapping
 h - a scroll of brand weapon
 j - a scroll of silence
 z - a scroll of vulnerability
 K - a scroll of immolation
 L - a scroll of enchant weapon
Potions
 b - 3 potions of mutation {unknown}
 d - a potion of heal wounds
 f - 2 potions of lignification
 k - 2 potions of attraction {unknown}
 n - a potion of might
 s - 3 potions of curing
 w - 4 potions of haste
 C - a potion of cancellation
 D - 6 potions of flight {unknown}
 E - 3 potions of brilliance
 M - 6 potions of ambrosia


   Skills:
 - Level 12.4 Fighting
 - Level 10.1(10.6) Short Blades
 + Level 4.8(8.1) Long Blades
 + Level 5.7 Dodging
 - Level 5.0 Stealth
 - Level 5.0 Shields
 - Level 9.3 Spellcasting
 + Level 6.8 Invocations
 + Level 8.4 Evocations


You had 11 spell levels left.
You knew the following spells:

 Your Spells              Type           Power      Damage    Failure   Level
a - Scorch                Fire           100%       2d10      1%          2
b - Magic Dart            Conj           100%       1d8       1%          1
c - Passwall              Tmut/Erth      50%        N/A       1%          2
d - Ignite Poison         Fire/Tmut/Pois 61%        N/A       1%          3
e - Inner Flame           Hex/Fire       61%        N/A       1%          3
f - Leda's Liquefaction   Hex/Erth       30%        N/A       1%          4
g - Alistair's Intoxicat  Tmut/Pois      40%        N/A       3%          5
Your spell library was empty.

Dungeon Overview and Level Annotations

Branches:
Dungeon (11/15)            Temple (1/1) D:4            Lair (4/6) D:11
 Shoals (0/4) Lair:3        Snake (0/4) Lair:2          Orc (1/2) D:11
 Bailey (visited)         Volcano (visited)

Altars:
Ashenzari
Cheibriados
Fedhas
Gozag
Hepliaklqana
Qazlal
Ru
Wu Jian
Xom
Zin
Beogh

Annotations:
Lair:4 Sonja


Innate Abilities, Weirdness & Mutations

You are immune to sickness and miasma.
You are immune to poison.
Your flesh is very heat resistant. (rF++)
You are vulnerable to cold. (rC-)
You float through the air rather than walking.
You learn spells naturally, not from books.
Your magical power is your life essence.
You have superior vitality. (+4 MHP)


Message History

Cheibriados thoroughly appreciates the change of pace.
A yak comes into view.
The yak is engulfed in blazing flames.
You hit the eight-headed hydra.
The eight-headed hydra is moderately wounded.
You are engulfed in blazing flames.
You resist.
The yak is engulfed in blazing flames.
You kill the yak!
Cheibriados appreciates the change of pace.
You hit the eight-headed hydra.
The eight-headed hydra is poisoned.
The eight-headed hydra is moderately wounded.
You are engulfed in blazing flames.
You resist.
The eight-headed hydra is engulfed in blazing flames.
The eight-headed hydra bites you.
The eight-headed hydra closely misses you.
The eight-headed hydra bites you!
The eight-headed hydra closely misses you.
You block the eight-headed hydra's attack.
The eight-headed hydra closely misses you.
The eight-headed hydra bites you!
* * * LOW HITPOINT WARNING * * *
You block the eight-headed hydra's attack.
Casting: Inner Flame (safe; 1% risk of failure)
Confirm with . or Enter, or press ? or * to list all spells.
Flames lash the eight-headed hydra.
The eight-headed hydra is heavily wounded.
The eight-headed hydra's fire resistance burns away.
* * * LOW HITPOINT WARNING * * *
You are engulfed in blazing flames.
You resist.
* * * LOW HITPOINT WARNING * * *
The eight-headed hydra is engulfed in blazing flames.
The eight-headed hydra bites you.
* * * LOW HITPOINT WARNING * * *
The eight-headed hydra bites you.
* * * LOW HITPOINT WARNING * * *
You block the eight-headed hydra's attack.
The eight-headed hydra bites you!
* * * LOW HITPOINT WARNING * * *
The eight-headed hydra misses you. The eight-headed hydra bites you!
You die...

.... .... ..#. ....
..... }..# .....##>.#
.........# .........#
.......§†##
..#§@§§#..#
#.##D§#YY.#
#..§.§§..Y#####...
####.....YY..........
.........#......#....
#...........Y.......
###......$...P......#
.......<..........##
.>.................#


You could see an eight-headed hydra (very poisoned, combustible) and 6 yaks.

Vanquished Creatures
  Gastronok (D:9)
  An orc warlord (Bailey)
  5 hydras
  A boulder beetle (D:11)
  Harold (Lair:1)
  A centaur warrior (Volcano)
  3 death yaks (Lair:4)
  2 two-headed ogres (D:11)
  Nergalle (Lair:1)
  An orc knight (Bailey)
  Pikel (D:5)
  A cyclops (D:11)
  A manticore (D:11)
  A merfolk siren (Lair:3)
  3 black mambas
  9 cane toads
  A torpor snail (Lair:2)
  3 rime drakes (Lair:3)
  11 komodo dragons
  7 trolls
  A queen bee (Lair:1)
  A hornet (D:7)
  6 blink frogs (Lair:3)
  2 wraiths
  A vampire (D:10)
  3 fire bats (Lair:1)
  6 wyverns
  42 yaks
  16 fire elementals
  2 steam dragons
  6 vampire mosquitoes (D:11)
  13 water moccasins
  3 nagas (Lair:2)
  13 orc warriors
  4 sky beasts
  4 ogres
  2 black bears
  3 centaurs
  2 lemures (D:5)
  A necrophage (D:5)
  A kobold brigand (D:9)
  11 bullfrogs
  3 scorpions
  2 gnoll sergeants (D:8)
  12 wights
  35 killer bees
  7 hounds
  9 orc priests
  2 jellies (D:6)
  Crazy Yiuf (D:3)
  7 iguanas
  Natasha (twice) (D:2)
  9 orc wizards
  Robin (D:3)
  12 gnolls
  12 adders
  4 white imps
  A worm (D:2)
  4 dart slugs
  39 orcs
  6 ball pythons
  12 endoplasms
  3 giant cockroaches
  27 goblins
  18 hobgoblins
  2 jackals (D:3)
  15 kobolds
  7 quokkas
  7 bats
  3 frilled lizards
  2 rats
462 creatures vanquished.

Vanquished Creatures (collateral kills)
  2 vampire mosquitoes (D:11)
2 creatures vanquished.

Vanquished Creatures (others)
  A cane toad (Lair:2)
  A yak (Lair:3)
  16 foxfires (D:3)
  30 fungi
  27 plants
75 creatures vanquished.

Grand Total: 539 creatures vanquished

Notes
Turn   | Place    | Note
-------+----------+-------------------------------------------
     0 | D:1      | frimble the Djinni Cinder Acolyte began the quest for the
                  | Orb.
     0 | D:1      | Reached XP level 1. HP: 20/20 MP: 0/0
    28 | D:1      | HP: 1/20 [quokka (4)]
    31 | D:1      | Reached XP level 2. HP: 2/25 MP: 0/0
   501 | D:1      | Found a faded altar of an unknown god.
  1051 | D:1      | Reached XP level 3. HP: 27/30 MP: 0/0
  1051 | D:1      | Learned a level 1 spell: Magic Dart
  2228 | D:2      | Reached XP level 4. HP: 23/35 MP: 0/0
  2349 | D:2      | Noticed Natasha
  2355 | D:2      | Killed Natasha
  2570 | D:2      | Noticed Natasha
  2577 | D:2      | Killed Natasha
  2578 | D:2      | Reached XP level 5. HP: 34/41 MP: 0/0
  2578 | D:2      | Learned a level 2 spell: Passwall
  2668 | D:2      | Reached skill level 4 in Fighting
  3460 | D:3      | Noticed Robin
  3474 | D:3      | Killed Robin
  4155 | D:3      | Found a runed translucent door.
  4156 | D:3      | Noticed Crazy Yiuf
  4263 | D:3      | Reached XP level 6. HP: 43/47 MP: 0/0
  4996 | D:4      | Found a staircase to the Ecumenical Temple.
  5167 | D:4      | Reached skill level 5 in Fighting
  5167 | D:4      | Reached XP level 7. HP: 23/54 MP: 0/0
  5167 | D:4      | Learned a level 3 spell: Ignite Poison
  5217 | Temple   | Entered the Ecumenical Temple
  5694 | D:4      | Found a shimmering altar of Xom.
  6103 | D:3      | Killed Crazy Yiuf
  6269 | D:5      | Entered Level 5 of the Dungeon
  6448 | D:5      | Noticed Pikel
  6529 | D:6      | Reached skill level 5 in Short Blades
  6577 | D:6      | Reached XP level 8. HP: 41/60 MP: 0/0
  6785 | D:6      | Found a snail-covered altar of Cheibriados.
  7106 | D:5      | Found an opulent altar of Gozag.
  7132 | D:5      | Reached skill level 1 in Dodging
  7156 | D:5      | Killed Pikel
  7157 | D:5      | Reached skill level 6 in Fighting
  7157 | D:5      | Reached skill level 5 in Spellcasting
  7301 | D:5      | Reached XP level 9. HP: 54/66 MP: 0/0
  7301 | D:5      | Learned a level 3 spell: Inner Flame
  7558 | D:5      | Identified the +6 longbow of Woe {flame, Fly rCorr Int-4}
  8346 | D:7      | Reached skill level 1 in Stealth
  8439 | D:7      | Reached XP level 10. HP: 64/72 MP: 0/0
  8476 | D:7      | Reached skill level 5 in Dodging
  8476 | D:7      | Reached skill level 1 in Shields
  8930 | D:7      | Reached skill level 5 in Evocations
  9197 | D:8      | Found a flagged portal.
  9222 | Bailey   | Entered a bailey
  9492 | Bailey   | Noticed an orc knight
  9514 | Bailey   | Killed an orc knight
  9562 | Bailey   | Noticed an orc warlord
  9588 | Bailey   | HP: 5/108 [orc warlord/+1 war axe of flaming (20)]
  9589 | Bailey   | Killed an orc warlord
  9590 | Bailey   | Reached XP level 11. HP: 6/76 MP: 0/0
  9590 | Bailey   | Learned a level 4 spell: Leda's Liquefaction
  9905 | Bailey   | Reached skill level 9 in Fighting
  9905 | Bailey   | Reached skill level 10 in Short Blades
  9905 | Bailey   | Reached XP level 12. HP: 89/89 MP: 0/0
 10315 | D:8      | Found a blossoming altar of Fedhas.
 10318 | D:8      | Found a sacrificial altar of Ru.
 10318 | D:8      | Found a glowing silver altar of Zin.
 10318 | D:8      | Found a stormy altar of Qazlal.
 10318 | D:8      | Found a broken altar of Ashenzari.
 10874 | D:9      | Noticed Gastronok
 10898 | D:9      | Killed Gastronok
 10899 | D:9      | Reached skill level 5 in Stealth
 10899 | D:9      | Reached skill level 5 in Shields
 11458 | D:9      | Found an ornate altar of the Wu Jian Council.
 11534 | D:10     | Entered Level 10 of the Dungeon
 11703 | D:10     | Reached skill level 10 in Fighting
 11842 | D:10     | Identified the +1 leather armour of the Hammering Gods {rF+
                  | Regen+ rCorr Dex-5}
 12350 | D:11     | Found a staircase to the Orcish Mines.
 12395 | D:11     | Noticed a two-headed ogre
 12407 | D:11     | Killed a two-headed ogre
 12408 | D:11     | Reached XP level 13. HP: 77/98 MP: 0/0
 12408 | D:11     | Learned a level 5 spell: Alistair's Intoxication
 12623 | D:11     | Reached skill level 11 in Fighting
 12712 | D:11     | Noticed a boulder beetle
 12793 | D:11     | Found a staircase to the Lair.
 12803 | D:11     | Killed a boulder beetle
 13542 | D:11     | Identified the +0 robe of the Riding Gods {Int+2}
 13703 | D:6      | Fell from the grace of Ignis
 13703 | D:6      | Became a worshipper of Cheibriados the Contemplative
 13806 | Orc:1    | Entered Level 1 of the Orcish Mines
 13940 | Lair:1   | Entered Level 1 of the Lair of Beasts
 14010 | Lair:1   | Found a dark tunnel.
 14019 | Lair:1   | Reached skill level 1 in Invocations
 14085 | Volcano  | Entered a volcano
 14184 | Volcano  | Noticed a centaur warrior
 14188 | Volcano  | Noticed a red draconian
 14203 | Volcano  | Killed a centaur warrior
 14275 | Lair:1   | Noticed Harold
 14282 | Lair:1   | Killed Harold
 14283 | Lair:1   | Reached skill level 12 in Fighting
 14321 | Lair:1   | Noticed Nergalle
 14331 | Lair:1   | Killed Nergalle
 14374 | Lair:1   | Noticed a six-headed hydra
 14378 | Lair:1   | Killed a six-headed hydra
 14387 | Lair:1   | Noticed a five-headed hydra
 14393 | Lair:1   | Killed a five-headed hydra
 14522 | Lair:1   | Reached * piety under Cheibriados
 14680 | Lair:2   | Found a staircase to the Snake Pit.
 15126 | Lair:2   | Reached skill level 1 in Long Blades
 15293 | Lair:2   | Reached XP level 14. HP: 103/108 MP: 0/0
 15295 | Lair:2   | Reached ** piety under Cheibriados
 15684 | Lair:3   | Reached skill level 5 in Invocations
 16035 | Lair:4   | Reached *** piety under Cheibriados
 16234 | Lair:4   | Was forgiven by Ignis
 16535 | Lair:3   | Found a staircase to the Shoals.
 17073 | Lair:1   | Reached **** piety under Cheibriados
 17615 | Lair:4   | Noticed Sonja
 17785 | Lair:4   | HP: 3/108 [eight-headed hydra (12)]
 17785 | Lair:4   | Slain by an eight-headed hydra

Illustrated notes

Levels and vault maps discovered:
D:1:      heliophobic_arrival_henge, layout_basic,
          shapermc_ecumenical_altar_rom_forum, minivault_19
D:2:      layout_rooms, uniq_natasha
D:3:      layout_rooms, uniq_robin, uniq_crazy_yiuf_cottage
D:4:      layout_loops_ring, xom_teletrap_fun, minmay_temple_entry_junction
D:5:      minmay_bubble_buster, layout_basic, lemuel_doored_altar, uniq_pikel
D:6:      layout_rooms, mainiacjoe_overflow_small_starburst,
          kennysheep_generic_room_5
D:7:      layout_gridville
D:8:      layout_loops_cross, grunt_temple_overflow_open, enter_bailey_3
D:9:      layout_cave_pools, lemuel_coloured_pillars_altar, uniq_gastronok
D:10:     layout_roguey
D:11:     layout_basic, erik_lair_dragon, minmay_orc_entry_temple_large
Temple:   dshaligram_water_room_temple
Lair:1:   layout_roguey [special_room_bee], nicolae_volcano_entry_batcave,
          infiniplex_staircase_pool_2, uniq_harold, uniq_nergalle
Lair:2:   cheibrodos_lair_river_kwai, layout_big_grid,
          guppyfry_snake_entry_island, minivault_25
Lair:3:   layout_regular_city, elwin_shoals_entry_rooms
Lair:4:   layout_misc_corridors, gammafunk_lair_bear_cave, grunt_megastairs_4,
          infiniplex_staircase_pool, uniq_sonja
Orc:1:    layout_caves

Skill      XL: |  1  2  3  4  5  6  7  8  9 10 11 12 13 14 |
---------------+-------------------------------------------+-----
Short Blades   | 3 4 5 6 7 10 | 10.1
Spellcasting   | 3 4 5 6 8 9 |  9.3
Fighting       | 4 5 6 9 10 12 | 12.4
Dodging        | 2 4 5 |  5.7
Evocations     | 2 4 5 6 8 |  8.4
Stealth        | 1 4 5 |  5.0
Shields        | 4 5 |  5.0
Invocations    | 4 6 |  6.8
Long Blades    | 1 4 |  4.8

Action                   |  1- 3 |  4- 6 |  7- 9 | 10-12 | 13-15 || total
-------------------------+-------+-------+-------+-------+-------++-------
Melee: Short sword       |    89 |   105 |       |       |   205 ||   399
       Punch             |     1 |     1 |     4 |     4 |       ||    10
       Dagger            |       |    91 |   299 |   438 |   686 ||  1514
 Cast: Scorch            |    16 |    58 |    34 |    54 |    68 ||   230
       Ignite Poison     |       |       |    10 |     9 |    32 ||    51
       Inner Flame       |       |       |     5 |    35 |    19 ||    59
       Magic Dart        |       |       |       |    23 |    46 ||    69
       Passwall          |       |       |       |       |    18 ||    18
       Leda's Liquefacti |       |       |       |       |     3 ||     3
Invok: Fiery Armour      |     1 |     1 |     1 |     1 |       ||     4
       Foxfire Swarm     |       |     1 |       |       |       ||     1
Evoke: Wand              |       |       |     3 |    14 |     3 ||    20
  Use: Scroll            |     6 |     5 |     2 |     8 |     8 ||    29
       Potion            |       |       |       |     4 |     3 ||     7
 Stab: Sleeping          |       |       |       |     4 |    11 ||    15
       Distracted        |       |       |       |       |     1 ||     1
Armor: Robe              |    32 |   116 |    50 |   111 |   287 ||   596
       Animal skin       |       |    27 |    39 |       |       ||    66
       Leather armour    |       |       |       |     1 |       ||     1
       Skin              |       |       |       |       |    15 ||    15
Dodge: Dodged            |    57 |   146 |   147 |   258 |   590 ||  1198
Block: Other             |       |       |    16 |       |       ||    16
       Buckler           |       |       |       |    45 |   200 ||   245

Table legend: (Time is in decaauts)
 A = Elapsed time spent in this place.
 B = Non-inter-level travel time spent in this place.
 C = Inter-level travel time spent in this place.
 D = Time resting spent in this place.
 E = Time spent auto-exploring this place.
 F = Levels seen in this place.
 G = Mean time per level.
                   A        B        C        D        E       F      G
               +--------+--------+--------+--------+--------+-----+--------+
         Total |  18243 |  16968 |   1275 |    763 |  12290 |  19 |  960.2 |
       Dungeon |  12819 |  11842 |    977 |    327 |   9496 |  11 | 1165.4 |
        Temple |    133 |    133 |      0 |    122 |      0 |   1 |  133.0 |
          Lair |   4386 |   4099 |    287 |    167 |   2524 |   4 | 1096.5 |
  Orcish Mines |     51 |     41 |     10 |      0 |      5 |   1 |   51.0 |
        Bailey |    693 |    693 |      0 |     83 |    265 |   1 |  693.0 |
       Volcano |    158 |    158 |      0 |     64 |      0 |   1 |  158.0 |
               +--------+--------+--------+--------+--------+-----+--------+

Top non-repeatable levels by time:
     D:1: 2199 daAuts
  Lair:3: 1776 daAuts
    D:11: 1453 daAuts
     D:3: 1404 daAuts
  Lair:1: 1333 daAuts
     D:2: 1291 daAuts
     D:4: 1212 daAuts
  Lair:2: 1164 daAuts
     D:6: 999 daAuts
     D:7: 979 daAuts
     D:5: 956 daAuts
     D:9: 847 daAuts
    D:10: 751 daAuts
     D:8: 724 daAuts
  Bailey: 693 daAuts
